 Dungeon Crawl Stone Soup version 0.30-b1-2-g02819fbbbe (webtiles) character file.

Game seed: 17540394320214318168

58 Arum the Shield-Bearer (level 4, 0/37 HPs)
             Began as a Formicid Fighter on May 12, 2023.
             Was a Plaything of Xom.
             Constricted to death by Ijyb (8 damage)
             ... on level 3 of the Dungeon.
             The game lasted 00:03:27 (1940 turns).

Arum the Shield-Bearer (Formicid Fighter)           Turns: 1940, Time: 00:03:28

Health: 0/37       AC:  8    Str: 19    XL:     4   Next: 20%
Magic:  4/4        EV:  6    Int: 10    God:    Xom [...*..]
Gold:   30         SH:  6    Dex: 20    Spells: 3/3 levels left

rFire   . . .        a - +0 flail
rCold   . . .        c - +0 buckler
rNeg    . . .        b - +0 scale mail
rPois   .            (helmet unavailable)
rElec   .            (no cloak)
rCorr   .            h - +0 pair of gloves
SInv    +            (no boots)
Will    .....        (no amulet) Stlth
                     (no ring)
HPRegen 0.26/turn    (no ring)
MPRegen 0.09/turn

%: no passive effects
@: mighty, grasped by roots, constricted
A: permanent stasis, dig shafts and tunnels, antennae 3, four strong arms, agile
2, clever 1, MP-powered wands
a: Dig, Shaft Self, Renounce Religion


You were on level 3 of the Dungeon.
You worshipped Xom.
You were a favourite toy of Xom.
You visited 1 branch of the dungeon, and saw 3 of its levels.

You collected 140 gold pieces.
You spent 110 gold pieces at shops.

Inventory:

Hand Weapons
 a - a +0 flail (weapon)
Armour
 b - a +0 scale mail (worn)
 c - a +0 buckler (worn)
 h - a +0 pair of gloves (worn)
Scrolls
 e - a scroll of enchant armour {unknown}
 f - 3 scrolls of identify
 g - 2 scrolls of immolation {unknown}
 l - a scroll of poison {unknown}
Potions
 d - 2 potions of might
 i - a potion of degeneration {unknown}
 j - 2 potions of magic {unknown}
 k - a potion of haste {unknown}
 m - a potion of curing
 n - a potion of heal wounds


   Skills:
 + Level 3.6 Fighting
 + Level 2.7 Maces & Flails
 + Level 3.6 Armour
 + Level 0.5 Dodging
 + Level 4.8 Shields


You had 3 spell levels left.
You didn't know any spells.
Your spell library contained the following spells:

 Spells                   Type           Power      Damage    Failure   Level
 Dazzling Flash           Conj/Hex       0%         N/A       99%         3
 Agony                    Necr           0%         N/A       100%        5
 Silence                  Hex/Air        0%         N/A       100%        5


Dungeon Overview and Level Annotations

Branches:
Dungeon (3/15)

Altars:
Xom

Shops:
D:1 *   D:2 =[=[

Annotations:
D:3 Ijyb


Innate Abilities, Weirdness & Mutations

You cannot be hasted, slowed, berserked, paralysed or teleported.
You can dig through walls and to a lower floor.
You have a pair of large antennae on your head. (SInv)
Your four strong arms can wield two-handed weapons with a shield.
You are very agile. (Dex +8, Str/Int -2)
Your mind is acute. (Int +4, Str/Dex -1)
You expend magic power (3 MP) to strengthen your wands.


Message History

The orc hits you with a +0 morningstar! x2
You are too injured to fight recklessly!
You are too injured to fight recklessly!
You are too injured to fight recklessly!
You are too injured to fight recklessly!
You are too injured to fight recklessly!
You are too injured to fight recklessly!
You are too injured to fight recklessly!
You are too injured to fight recklessly!
You are too injured to fight recklessly!
You are too injured to fight recklessly!
You are too injured to fight recklessly!
You are too injured to fight recklessly!
You are too injured to fight recklessly!
You are too injured to fight recklessly!
You feel very mighty all of a sudden. The orc hits you but does no damage.
You sock the orc!
You kill the orc!
Ijyb zaps a wand.
The roots erupt in riotous growth!
The rat is unaffected.
The grasping roots grab you! The grasping roots constrict you.
* * * LOW HITPOINT WARNING * * *
Unknown command.
You closely miss the rat. The rat closely misses you.
The grasping roots constrict you.
You sock the rat!
You kill the rat!
The grasping roots constrict you.
* * * LOW HITPOINT WARNING * * *
The grasping roots release their grip on you.
You thump Ijyb!
Ijyb is moderately wounded.
Ijyb zaps a wand.
The roots erupt in riotous growth!
The grasping roots grab you!
Ijyb is unaffected.
The grasping roots constrict you.
* * * LOW HITPOINT WARNING * * *
Ijyb hits you but does no damage. The grasping roots constrict you!
You die...
Xom thinks this is hilarious!

#####.....#.#...
..$.#####.#...#.#.##
...#...........#..<
[..#.....##########
..#..#...........#
..#..#.#########.#
#.#..#.#######.#.#
#g#..#.....)......
#@#..###########.#
#.#..............#
#.#.##############
#.....<..#
###.##.#.# #.#..#.#
#.#.##.# #...##.#
######.#


You could see Ijyb.

Vanquished Creatures
  2 adders (D:2)
  2 dart slugs
  An orc (D:3)
  3 bats
  A giant cockroach (D:2)
  4 goblins
  2 hobgoblins
  6 jackals
  2 quokkas
  2 ball pythons (D:1)
  2 frilled lizards
  2 kobolds (D:2)
  6 rats
35 creatures vanquished.

Notes
Turn   | Place    | Note
-------+----------+-------------------------------------------
     0 | D:1      | Arum the Formicid Fighter began the quest for the Orb.
     0 | D:1      | Reached XP level 1. HP: 18/18 MP: 1/1
   104 | D:1      | Found a faded altar of an unknown god.
   114 | D:1      | Prayed at the altar of an unknown god.
   114 | D:1      | Became a worshipper of Xom of Chaos
   324 | D:1      | Reached XP level 2. HP: 20/24 MP: 2/2
   403 | D:1      | Found Raputz's General Store.
   411 | D:1      | Bought a scroll of identify for 22 gold pieces
   509 | D:1      | XOM: enchant monster (good)
   731 | D:1      | XOM: silly message
   892 | D:2      | Reached XP level 3. HP: 22/29 MP: 3/3
   906 | D:2      | XOM: cast spell 'Call Canine Familiar'
  1134 | D:2      | Found Geofoakysi's Jewellery Boutique.
  1172 | D:2      | Reached XP level 4. HP: 36/36 MP: 4/4
  1235 | D:2      | Found Peerex's Antique Armour Shop.
  1366 | D:2      | XOM: give mutations
  1366 | D:2      | Gained mutation: Your mind is acute. (Int +4, Str/Dex -1)
                  | [Xom's grace]
  1366 | D:2      | Gained mutation: You expend magic power (3 MP) to
                  | strengthen your wands. [Xom's grace]
  1366 | D:2      | Gained mutation: You are agile. (Dex +4, Str/Int -1) [Xom's
                  | grace]
  1568 | D:2      | Found Abyru's Jewellery Emporium.
  1628 | D:2      | Found Taij's Armour Shop.
  1717 | D:1      | XOM: give mutation
  1717 | D:1      | Gained mutation: You are very agile. (Dex +8, Str/Int -2)
                  | [Xom's grace]
  1727 | D:1      | Bought a potion of curing for 33 gold pieces
  1727 | D:1      | Bought a potion of heal wounds for 55 gold pieces
  1772 | D:1      | XOM: scenery: 1 doors close
  1924 | D:3      | Noticed Ijyb
  1940 | D:3      | Constricted to death by Ijyb

Illustrated notes

Levels and vault maps discovered:
D:1:      elethiomel_arrival_shortcut, layout_basic,
          hellmonk_ecumenical_altar_crossroads, serial_shops, shop
D:2:      layout_basic, serial_shops, nicolae_shop_crystal, shop, shop_coins,
          nicolae_shop_back_alley_shop
D:3:      layout_basic, uniq_jessica, uniq_ijyb

Action                     |  1- 3 |  4- 6 || total
---------------------------+-------+-------++-------
  Melee: Flail             |   119 |    30 ||   149
    Use: Potion            |       |     1 ||     1
 Armour: Scale mail        |    69 |    10 ||    79
  Dodge: Dodged            |    82 |    14 ||    96
  Block: Buckler           |    38 |     9 ||    47
